 Dungeon Crawl Stone Soup version 0.29.0-4-gdea44cf6ec (webtiles) character file.

Game seed: 3280526361931903923

33 qw the Chopper (level 3, 0/21 HPs)
             Began as a Tengu Warper on Aug 28, 2022.
             Slain by a kobold
             ... wielding a +0 club
              (2 damage)
             ... on level 2 of the Dungeon.
             The game lasted 00:00:06 (1393 turns).

qw the Chopper (Tengu Warper)                       Turns: 1393, Time: 00:00:06

Health: 0/21       AC:  3    Str: 13    XL:     3   Next: 29%
Magic:  7/7        EV: 12    Int: 13    God:
Gold:   41         SH:  0    Dex: 13    Spells: 6/6 levels left

rFire   . . .      SeeInvis .   Y - +0 hand axe
rCold   . . .      Faith    .   (no shield)
rNeg    . . .      Spirit   .   b - +0 leather armour
rPois   .          Reflect  .   (helmet restricted)
rElec   .          Harm     .   (no cloak)
rCorr   .          Rampage  .   (no gloves)
Will    .....                   (boots unavailable)
Stlth   +.........              (no amulet)
HPRegen 0.07/turn               (no ring)
MPRegen 0.10/turn               (no ring)

@: about to teleport, hasted (expiring), very quick
A: beak, talons 3
a: no special abilities


You were on level 2 of the Dungeon.
You visited 1 branch of the dungeon, and saw 2 of its levels.

You collected 41 gold pieces.


Innate Abilities, Weirdness & Mutations

You have a beak for a mouth.
You have claws for feet.


   Skills:
 - Level 2.0 Fighting
 + Level 4.0 Axes
 - Level 1.0 Throwing
 - Level 1.1 Armour
 - Level 2.1 Dodging
 - Level 2.0 Spellcasting
 - Level 2.4 Translocations


You had 6 spell levels left.
You didn't know any spells.
Your spell library contained the following spells:

 Spells                   Type           Power      Damage    Failure   Level
 Blink                    Tloc           14%        N/A       19%         2
 Gell's Gravitas          Tloc           7%         N/A       36%         3
 Lesser Beckoning         Tloc           7%         N/A       36%         3
 Teleport Other           Tloc           7%         N/A       36%         3
 Manifold Assault         Tloc           7%         N/A       98%         5

Inventory:

Hand Weapons
 d - a +0 club
 Y - a +0 hand axe (weapon)
Armour
 b - a +0 leather armour (worn)
Scrolls
 a - a scroll of teleportation
Potions
 e - a potion of flight {unknown}
 h - a potion of mutation {unknown}
 i - a potion of curing {unknown}
 j - a potion of haste
 l - a potion of lignification {unknown}

Dungeon Overview and Level Annotations

Branches:
Dungeon (2/15)

Altars:


Message History

The adder bites you.
You closely miss the adder.
The adder is heavily wounded.
The adder bites you.
You hit the adder.
The adder is almost dead.
You barely miss the adder.
The adder is almost dead.
The adder barely misses you. The adder bites you.
You are poisoned.
The adder poisons you!
You closely miss the adder.
The adder is almost dead.
You feel sick. The adder bites you but does no damage.
1385 ||| READING 3 scrolls of teleportation.
As you read the scroll of teleportation, it crumbles to dust.
You feel strangely unstable.
You feel sick. The adder bites you.
You barely miss the adder. Your kick misses the adder.
Your peck misses the adder.
The adder is almost dead.
You feel sick. The adder closely misses you.
You hit the adder.
You kill the adder!
You feel sick.
You are no longer poisoned.
Your Axes skill increases to level 4!
You start resting.
Your extra speed is starting to run out.
Your surroundings suddenly seem different.
A kobold comes into view. It is wielding a +0 club.
The kobold shouts!
You hear an angry hiss.
1391 ||| READING 2 scrolls of teleportation.
As you read the scroll of teleportation, it crumbles to dust.
You feel strangely unstable. The kobold closely misses you.
You closely miss the kobold. You miss the kobold.
The kobold hits you with a +0 club.
You die...

####
..#
#.#
#@#
#K#
#..
####


You could see a kobold.

Vanquished Creatures
  An adder (D:2)
  2 ball pythons (D:1)
  3 endoplasms (D:1)
  A giant cockroach (D:2)
  A goblin (D:1)
  2 hobgoblins
  5 quokkas (D:1)
  4 bats (D:1)
  A frilled lizard (D:1)
  A rat (D:1)
21 creatures vanquished.

Notes
Turn   | Place    | Note
-------+----------+-------------------------------------------
     0 | D:1      | qw the Tengu Warper began the quest for the Orb.
     0 | D:1      | Reached XP level 1. HP: 12/12 MP: 4/4
     0 | D:1      | 0 ||| qw: Version: 0.1-a-89-g26bdef1
     0 | D:1      | 0 ||| qw: Game counter: 504
     0 | D:1      | 0 ||| qw: Always use a shield: true
     0 | D:1      | 0 ||| qw: God list: Okawaru
     0 | D:1      | 0 ||| qw: Allow faded altars: false
     0 | D:1      | 0 ||| qw: Do Orc after D:15 true
     0 | D:1      | 0 ||| qw: Do second Lair branch before Depths: true
     0 | D:1      | 0 ||| qw: Lair rune preference: random
     0 | D:1      | 0 ||| qw: Plans: Normal
     0 | D:1      | 0 ||| PLANNING D:1-11
    71 | D:1      | 71 ||| Stepping ~*~*~tactically~*~*~ (stealth).
   227 | D:1      | Reached XP level 2. HP: 15/17 MP: 6/6
   263 | D:1      | Reached skill level 3 in Axes
   600 | D:1      | Found a faded altar of an unknown god.
  1201 | D:1      | 1201 ||| READING 4 scrolls labelled PALOLECO HUFIO.
  1206 | D:1      | 1206 ||| READING scroll labelled CIJEUS ISIJUGO.
  1207 | D:1      | 1207 ||| READING 3 scrolls labelled XOIBEW SEUTSE.
  1208 | D:1      | 1208 ||| READING scroll labelled GIEHAXK JUUMP.
  1209 | D:1      | 1209 ||| READING scroll labelled ILUNIA VIRCHOXEIX.
  1346 | D:1      | 1346 ||| DRINKING 2 purple potions.
  1347 | D:1      | 1347 ||| DROPPING scroll of blinking.
  1348 | D:1      | 1348 ||| DROPPING 2 scrolls of magic mapping.
  1362 | D:2      | Reached XP level 3. HP: 21/21 MP: 7/7
  1384 | D:2      | HP: 5/21 [poisoned by an adder]
  1385 | D:2      | 1385 ||| READING 3 scrolls of teleportation.
  1386 | D:2      | HP: 2/21 [poisoned by an adder]
  1388 | D:2      | Reached skill level 4 in Axes
  1391 | D:2      | 1391 ||| READING 2 scrolls of teleportation.
  1393 | D:2      | Slain by a kobold

Levels and vault maps discovered:
D:1:      minmay_arrival_doors, layout_basic, ebering_ecumenical_altar_rust,
          st_stairs_8
D:2:      layout_loops_ring

Skill      XL: |  1  2  3 |
---------------+----------+-----
Axes           | 3 4 |  4.0
Fighting       | |  2.0
Throwing       | |  1.0
Armour         | |  1.1
Dodging        | |  2.1
Spellcasting   | |  2.0
Translocations | |  2.4

Action                   || total
-------------------------++-------
Melee: Hand axe          ||    53
       Kick              ||     6
       Peck              ||     8
Throw: Boomerang         ||     7
  Use: Scroll            ||     7
       Potion            ||     1
Armor: Leather armour    ||    10
Dodge: Dodged            ||    19

Table legend:
 A = Non-vault XP
 B = Vault XP
 C = Vault XP percentage of total XP
 D = Non-vault monster count
 E = Vault monster count
 F = Vault count percentage of total count
                 A         B        C        D         E       F
            +---------+---------+-------+---------+---------+-------
      Total |      45 |       3 |   6.2 |      19 |       2 |   9.5
            +---------+---------+-------+---------+---------+-------
        D:1 |      28 |       3 |   9.7 |      16 |       2 |  11.1
        D:2 |      17 |       0 |   0.0 |       3 |       0 |   0.0
            +---------+---------+-------+---------+---------+-------
